Map: Tourmaline LE

Players

HoldTheDoor

  • Race: Protoss Protoss
  • League: Diamond
  • Spawn Location: 1:00

Kryp - Winner!

  • Race: Terran Terran
  • Spawn Location: 7:00

VOD

Have the link to the VOD?

Description

Time

  • Played on: May 6, 2026, 11:57 a.m.
  • Length: 17:46
Show
View Real Time Build Order
Export as new Build Order

HoldTheDoor Protoss 

Build Orders: 1 Gate Expand 

Get SALT Encoding   

  12  0:00  Probe  
  13  0:12  Probe  
  14  0:20  Pylon  
  14  0:24  Probe  
  15  0:34  Probe  
  15  0:41  Gateway  
  15  0:42  Probe  
  16  0:48  Assimilator  
  17  0:53  Probe  
  18  0:59  Pylon  
  18  1:06  Probe  
  19  1:18  Probe  
  20  1:30  Cybernetics Core  
  20  1:37  Nexus  
  21  1:40  Probe  
  21  1:48  Pylon  
  21  1:52  Probe  
  22  2:02  Adept  
  22  2:03  Assimilator  
  22  2:05  Probe  
  25  2:15  Warp Gate  
  25  2:17  Probe  
  26  2:31  Pylon  
  26  2:39  Sentry  
  28  2:47  Probe  
  28  2:49  Probe  
  30  2:59  Probe  
  30  3:04  Gateway  
  30  3:05  Probe, Gateway  
  32  3:08  Assimilator  
  32  3:18  Adept  
  34  3:27  Probe x2  
  34  3:32  Gateway  
  36  3:39  Probe x2  
  36  3:51  Probe  
  36  3:55  Shield Battery  
  37  3:57  Probe  
  37  3:58  Pylon  
  36  4:03  Probe  
  36  4:05  Stargate  
  36  4:07  Pylon  
  36  4:09  Probe  
  38  4:12  Stalker x2  
  38  4:16  Probe  
  43  4:21  Probe  
  44  4:28  Adept x2  
  44  4:30  Probe  
  49  4:37  Probe  
  50  4:39  Shield Battery  
  50  4:43  Probe  
  50  4:45  Robotics Facility  
  51  4:47  Assimilator  
  51  4:48  Twilight Council  
  51  4:50  Pylon  
  51  4:52  Phoenix  
  53  4:55  Sentry x2  
  53  4:57  Probe  
  53  4:58  Probe  
  59  5:07  Stalker x2  
  61  5:09  Probe  
  61  5:14  Probe  
  65  5:19  Pylon  
  65  5:21  Probe  
  65  5:23  Forge  
  65  5:26  Probe  
  65  5:28  Stalker, Charge  
  69  5:29  Stalker  
  69  5:30  Warp Prism  
  69  5:34  Probe  
  74  5:45  Phoenix  
  76  6:08  Pylon  
  74  6:14  Nexus  
  74  6:16  Probe, Pylon  
  74  6:17  Immortal  
  79  6:23  Probe, Phoenix  
  82  6:29  Robotics Facility  
  82  6:31  Pylon  
  82  6:36  Probe, Photon Cannon  
  82  6:38  Probe  
  84  6:45  Sentry, Protoss Ground Weapons Level 1  
  84  6:46  Zealot x2  
  90  6:48  Probe  
  90  6:50  Probe  
  92  6:56  Observer  
  92  6:59  Phoenix  
  92  7:00  Probe  
  96  7:08  Probe, Blink  
  97  7:24  Probe x2  
  97  7:25  Probe  
  97  7:28  Pylon  
  100  7:30  Pylon  
  100  7:32  Photon Cannon  
  100  7:34  Shield Battery  
  100  7:36  Shield Battery, Probe  
  101  7:37  Pylon  
  101  7:38  Probe  
  101  7:39  Photon Cannon  
  101  7:43  Assimilator  
  102  7:47  Assimilator  
  102  7:49  Photon Cannon  
  102  7:52  Immortal, Observer  
  107  8:04  Fleet Beacon  
  107  8:05  Pylon  
  107  8:11  Probe  
  108  8:16  Phoenix  
  110  8:24  Probe  
  110  8:26  Robotics Bay  
  110  8:27  Zealot x4  
  119  8:36  Probe x2  
  119  8:41  Protoss Ground Armor Level 1  
  121  8:43  Pylon  
  121  8:45  Gateway  
  121  8:46  Gateway  
  121  8:48  Probe, Gateway, Carrier  
  122  8:51  Gateway  
  128  9:06  Stargate  
  128  9:08  Pylon  
  128  9:15  Colossus  
  134  9:17  Colossus  
  140  9:25  Anion Pulse-Crystals  
  140  9:30  Gateway  
  140  9:31  Gateway  
  140  9:50  Nexus, Pylon  
  140  9:52  Probe, Pylon  
  141  9:53  Pylon  
  141  9:55  Pylon  
  141  9:57  Zealot  
  141  9:58  Zealot x2  
  147  10:00  Sentry  
  147  10:05  Templar Archives  
  149  10:08  Pylon  
  149  10:15  Extended Thermal Lance  
  149  10:18  Carrier  
  155  10:28  Carrier  
  161  10:39  Assimilator  
  161  10:43  Assimilator  
  161  10:46  Shield Battery, Protoss Ground Armor Level 2  
  161  10:47  Shield Battery, Photon Cannon  
  161  10:50  Photon Cannon  
  161  10:51  Photon Cannon  
  161  10:53  Photon Cannon  
  161  10:55  Photon Cannon  
  161  10:57  Pylon  
  161  11:01  Gateway  
  161  11:04  Gateway  
  161  11:07  Probe  
  161  11:14  Psionic Storm  
  161  11:23  Stargate  
  161  11:24  Pylon  
  161  11:32  Pylon  
  161  11:34  Stargate  
  161  11:52  High Templar x2  
  161  11:53  High Templar x5  
  175  11:54  High Templar  
  177  12:06  Carrier  
  183  12:14  Tempest  
  187  12:24  Stargate  
  187  12:29  Tempest  
  191  12:34  Archon x2  
  191  12:51  Protoss Air Weapons Level 1, Cybernetics Core  
  191  12:52  Pylon  
  191  12:57  Photon Cannon  
  191  12:59  Unknown  
  191  13:00  Tempest  
  189  13:11  Protoss Ground Weapons Level 2  
  173  13:30  Zealot x5  
  173  13:31  Zealot x7  
  134  13:56  Stalker x4  
  134  13:57  Stalker x8  
  156  14:05  Void Ray x3  
  118  14:15  Observer  
  115  14:19  Stalker  
  115  14:21  Stalker  
  115  14:22  Stalker x3  
  115  14:23  Stalker, Void Ray  
  125  14:25  Stalker  
  125  14:28  Sentry x2  
  135  14:48  Void Ray  
  135  14:49  Stalker x3  
  135  14:50  Stalker  
  143  15:02  Nexus  
  88  15:36  Stalker x4  
  88  15:37  Stalker x4  
  92  15:45  Dark Shrine  
  96  15:57  Void Ray, High Templar  
  96  15:58  High Templar x3  
  96  15:59  High Templar  
  96  16:02  High Templar  
  108  16:04  Archon x2  
  108  16:06  High Templar  
  108  16:08  High Templar  
  108  16:09  Zealot x2  
  116  16:16  Pylon  
  116  16:23  Assimilator  
  116  16:25  Pylon  
  116  16:28  Stalker x2, Pylon  
  116  16:30  Stalker  
  122  16:40  Stalker x3  
  132  16:57  Assimilator  
  132  16:59  Void Ray  
  132  17:05  Stalker x3  
  86  17:34  Stalker x7  
  86  17:35  Stalker x3  
Show
View Real Time Build Order
Export as new Build Order

Kryp Terran - Winner!

Build Orders: Cyclone Opening 

Get SALT Encoding   

  12  0:00  SCV  
  13  0:13  SCV  
  14  0:17  Supply Depot  
  14  0:25  SCV  
  15  0:36  Refinery  
  15  0:41  Barracks  
  15  0:44  SCV  
  16  0:59  SCV  
  17  1:06  Supply Depot  
  17  1:12  SCV  
  18  1:24  SCV  
  19  1:34  Marine  
  20  1:41  Orbital Command  
  20  1:43  Factory  
  20  1:54  Marine  
  21  2:07  SCV  
  22  2:20  Command Center  
  22  2:21  Marine  
  23  2:25  SCV  
  23  2:27  Factory Tech Lab  
  24  2:39  Marine  
  25  2:46  Refinery, Cyclone  
  25  2:49  SCV  
  28  3:00  Marine  
  28  3:03  SCV  
  30  3:07  Engineering Bay  
  30  3:19  Supply Depot  
  30  3:31  Barracks Reactor  
  30  3:32  Orbital Command, Starport  
  30  3:53  Command Center  
  30  3:55  Siege Tank  
  33  4:05  SCV x2  
  33  4:09  Starport Tech Lab  
  35  4:11  Barracks  
  35  4:17  SCV, Missile Turret  
  36  4:25  SCV  
  36  4:28  Raven  
  36  4:29  SCV  
  40  4:39  Bunker  
  40  4:40  SCV  
  40  4:41  SCV  
  40  4:42  Marine  
  40  4:43  Marine  
  44  4:48  Siege Tank  
  44  4:52  SCV  
  48  4:53  SCV  
  49  5:01  Marine  
  49  5:02  Marine  
  49  5:03  Barracks Tech Lab  
  51  5:10  Planetary Fortress  
  51  5:11  Missile Turret  
  51  5:12  SCV x2  
  53  5:16  Supply Depot  
  53  5:20  Barracks  
  53  5:26  Barracks  
  53  5:27  Starport Reactor  
  53  5:33  SCV  
  53  5:34  SCV  
  55  5:36  Marine x2  
  55  5:41  Engineering Bay  
  57  5:45  SCV  
  57  5:46  SCV, Bunker  
  57  5:47  Marine  
  60  5:50  Stimpack  
  60  5:55  Marine x2  
  60  5:56  SCV  
  63  5:58  SCV  
  63  6:01  Missile Turret, SCV  
  62  6:13  SCV x2  
  64  6:24  Missile Turret  
  64  6:26  Barracks Reactor  
  64  6:27  Combat Shield  
  64  6:31  Marine x4  
  68  6:33  SCV x3  
  71  6:45  SCV x3  
  74  6:47  Supply Depot  
  74  6:49  Marine x2, Supply Depot  
  74  6:50  Marine  
  74  6:51  Refinery  
  77  6:59  Supply Depot x2  
  77  7:03  Refinery  
  77  7:05  Supply Depot x2  
  77  7:09  Siege Tank  
  77  7:12  Missile Turret  
  77  7:14  Missile Turret  
  80  7:15  Medivac  
  80  7:16  Medivac, Missile Turret  
  80  7:20  SCV x2  
  80  7:22  Missile Turret  
  84  7:25  Missile Turret  
  84  7:27  Missile Turret  
  84  7:30  Concussive Shells, SCV  
  84  7:32  SCV  
  84  7:33  SCV, Marine x2  
  89  7:43  SCV, Terran Infantry Weapons Level 1  
  90  7:44  Terran Infantry Armor Level 1, Marine x3  
  90  7:45  Marine  
  90  7:48  Refinery, SCV x2  
  90  7:49  Refinery  
  90  7:51  Marine  
  96  7:52  Viking  
  99  8:00  Viking, Marine  
  99  8:03  Missile Turret  
  99  8:04  SCV x3  
  105  8:22  Starport  
  105  8:24  Starport  
  105  8:30  Fusion Core  
  105  8:33  Marine x4  
  109  8:38  Command Center  
  109  8:40  SCV x2  
  111  8:43  SCV  
  111  8:44  Marine x2  
  111  8:45  Command Center  
  111  8:46  Siege Tank  
  117  8:52  SCV x2  
  119  8:59  Marine x3  
  119  9:00  Marine  
  123  9:09  Starport Tech Lab x2  
  123  9:11  Barracks, Starport Tech Lab  
  123  9:15  SCV x2  
  125  9:24  Supply Depot  
  125  9:25  Supply Depot x2  
  125  9:26  Supply Depot, Armory  
  125  9:41  Missile Turret  
  125  9:46  Battlecruiser x2, Marauder, Marine x4  
  125  9:47  Marauder  
  145  9:57  Command Center  
  145  10:00  Orbital Command  
  145  10:12  Battlecruiser  
  151  10:15  Terran Ship Weapons Level 1  
  151  10:18  Terran Infantry Armor Level 2, Terran Infantry Weapons Level 2, Armory  
  151  10:20  Planetary Fortress  
  151  10:27  Missile Turret  
  151  10:31  Missile Turret  
  151  10:37  Marine x2  
  151  10:38  Marine x4  
  151  10:39  Marine x2  
  151  10:40  Siege Tank  
  151  10:42  Missile Turret  
  162  10:59  Battlecruiser  
  162  11:00  Battlecruiser  
  174  11:11  Orbital Command  
  174  11:14  Refinery  
  174  11:19  Sensor Tower  
  174  11:21  Refinery  
  174  11:24  Battlecruiser  
  180  11:27  Sensor Tower  
  180  11:28  Barracks  
  180  11:30  Barracks  
  180  11:32  Barracks  
  180  11:34  Barracks  
  180  11:44  Command Center  
  180  11:47  Terran Vehicle And Ship Armor Level 1  
  180  11:50  Weapon Refit  
  180  12:02  Starport  
  180  12:03  Starport x2  
  180  12:10  SCV  
  180  12:20  SCV x3  
  180  12:21  SCV  
  190  12:22  Battlecruiser  
  190  12:25  Battlecruiser  
  196  12:36  Barracks Reactor x2  
  196  12:37  Barracks Reactor x2  
  196  12:41  Terran Ship Weapons Level 2  
  196  12:49  Starport Reactor x3  
  196  12:52  SCV x3  
  196  12:53  SCV  
  195  13:11  Battlecruiser  
  183  13:33  Planetary Fortress  
  183  13:43  Command Center  
  183  13:45  Missile Turret, Command Center  
  183  13:47  Missile Turret  
  154  13:49  Missile Turret  
  154  13:50  Missile Turret  
  122  14:11  Missile Turret  
  122  14:16  Battlecruiser x3, Viking  
  122  14:17  Viking x4  
  144  14:22  Orbital Command  
  150  14:27  SCV x4, Refinery  
  150  14:28  SCV  
  150  14:29  Refinery  
  155  14:39  SCV x2, Terran Vehicle And Ship Armor Level 2  
  157  14:47  SCV x3  
  157  14:51  SCV x2, Marine  
  157  14:52  Marine x8  
  171  14:54  SCV x2  
  171  14:59  SCV x2, Viking x5  
  185  15:11  Missile Turret  
  160  15:45  Command Center  
  160  15:47  SCV x4  
  160  15:48  SCV  
  165  15:52  Missile Turret  
  165  15:56  Battlecruiser x2  
  177  15:57  Viking  
  177  15:59  SCV  
  177  16:02  Refinery  
  180  16:12  Marine x9  
  180  16:13  Marine x2  
  180  16:14  Planetary Fortress  
  191  16:19  Refinery  
  191  16:22  Sensor Tower  
  191  16:23  Marine  
  191  16:24  Missile Turret x2  
  192  16:26  Missile Turret x2  
  192  16:27  Missile Turret  
  192  16:28  SCV x3  
  192  16:29  SCV x2  
  197  16:42  Marine x3  
  200  16:47  Refinery  
  200  16:58  Medivac  
  197  17:02  Planetary Fortress  
  176  17:39  Command Center  
Tags
 
Add a new tag
Caveats
  • Supply blocks, unpowered buildings, or Contaminate may cause inaccurate times.
  • Supply counts are checked every 10 seconds.